 Dungeon Sprint DCSS version 0.18.1-50-g88ac8fd (webtiles) character file.

1302 Kagutsuchi the Fighter (level 8, -8/91 HPs)
             Began as a Grey Draconian Berserker on Oct 21, 2016.
             Was an Elder of Trog.
             Mangled by a polar bear (11 damage)
             ... in the Dungeon (Sprint II: "The Violet Keep of Menkaure").
             The game lasted 00:04:04 (429 turns).

Kagutsuchi the Fighter (Grey Draconian Berserker)    Turns: 429, Time: 00:04:05

Health: -8/91      AC: 11    Str: 21    XL:     8   Next: 31%
Magic:  8/8        EV: 16    Int:  5    God:    Trog [****..]
Gold:   449        SH:  0    Dex: 10    Spells: 0 memorised, 7 levels left

rFire  . . .     SeeInvis .     d - +2 flail (drain)
rCold  . . .     Gourm    .     (armour unavailable)
rNeg   . . .     Faith    .     (no shield)
rPois  .         Spirit   .     (helmet restricted)
rElec  .         Dismiss  .     (no cloak)
rCorr  .         Reflect  .     (no gloves)
SustAt .         Harm     .     (no boots)
MR     .....     NoTele   +     (no amulet)
Stlth  +.........               (no ring)
                                (no ring)

@: lethally poisoned (-8 -> -8), exhausted, slowed, very slow, not resistant to
hostile enchantments, very unstealthy
A: walk through water, unfitting armour, clumsy 1, dopey 1, robust 1,
unbreathing, cold-blooded, AC +11
a: Berserk, Trog's Hand, Brothers in Arms, Burn Spellbooks, Renounce Religion


You were in the Dungeon.
You worshipped Trog.
Trog was greatly pleased with you.
You were not hungry.

You visited 1 branch You collected 729 gold pieces.
You spent 280 gold pieces at shops.

Inventory:

Hand Weapons
 a - a +0 falchion
 d - a +2 flail of draining (weapon)
Scrolls
 h - a scroll of blinking
Potions
 e - a potion of haste
 f - 2 potions of magic
 g - a potion of berserk rage


   Skills:
 + Level 11.6 Fighting
 + Level 11.0 Long Blades
 + Level 1.1 Maces & Flails
 + Level 10.3 Dodging
 + Level 1.0 Stealth


You had 7 spell levels left.
You didn't know any spells.

Dungeon Overview and Level Annotations

Branches:
Dungeon (1/1)

Altars:
Cheibriados
Dithmenos
Elyvilon
Fedhas
Gozag
Makhleb
Nemelex Xobeh
Okawaru
Pakellas
Ru
Sif Muna
Trog
Vehumet
Xom
Yredelemnul
Zin
The Shining One
Beogh
Jiyva
Lugonu

Shops:
D %:?=[*=(}![[:=![

Annotations:
D exclusions: oklob plant and orange crystal statue


Innate Abilities, Weirdness & Mutations

You can walk through water.
Your dull iron-grey scales are very hard (AC +11).
Your body does not fit into most forms of armour.
You can survive without breathing.
You are cold-blooded and may be slowed by cold attacks.
You are clumsy. (Dex -2)
You are dopey. (Int -2)
You are robust (+10% HP).


Message History

* * * LOW HITPOINT WARNING * * *
The polar bear bites you but does no damage.
The polar bear claws you but does no damage.
The polar bear misses you.
You thump the polar bear! You drain the polar bear!
The polar bear is severely wounded.
You feel sick. The yaktaur hits you.
* * * LOW HITPOINT WARNING * * *
The polar bear misses you. The polar bear claws you.
* * * LOW HITPOINT WARNING * * *
The polar bear claws you but does no damage.
The yaktaur closely misses you. The polar bear barely misses you.
The polar bear misses you. The polar bear completely misses you.
You closely miss the polar bear. You tail-slap the polar bear.
The polar bear is severely wounded.
The yaktaur completely misses you.
The polar bear goes berserk!
The yaktaur hits you!
* * * LOW HITPOINT WARNING * * *
The polar bear bites you!
You die...

#+##..# . .##.#### +.###
. ..#....# ...#
B#B####..## #..#
#+###.##..# +..# #
#.##..##..# #..# .#
.<.'##.+..####..##.# (
#.##..##....###c..##▓▓▓▓
#'###.##.....§(h@≈≈≈≈≈≈≈
...####≈≈..§§.≈#+#######
.#).#≈≈≈≈≈≈§..≈#.._._...
...##≈≈≈≈≈≈≈§§≈#._._._..
#+##≈≈≈≈§≈§§≈≈≈#.._._._.
≈≈≈≈≈≈≈≈§§≈≈≈≈#._._._._
#+++#≈§≈§≈§§≈≈#.._._._.
##§§§###≈§#..._._._
##≈§# #§§#...._.


You could see a polar bear (berserk) and a yaktaur.

Vanquished Creatures
  A siren (D)
  2 polar bears (D)
  2 hippogriffs (D)
  Menkaure (D)
  A wasp (D)
  4 worker ants (D)
11 creatures vanquished.

Vanquished Creatures (others)
  A crocodile (D)
1 creature vanquished.

Grand Total: 12 creatures vanquished

Notes
Turn   | Place    | Note
--------------------------------------------------------------
     0 | D        | Kagutsuchi the Draconian Berserker began the quest for the Orb.
     0 | D        | Reached XP level 1. HP: 19/19 MP: 1/1
     1 | D        | Noticed a hippogriff
     1 | D        | Noticed a hippogriff
     8 | D        | Killed a hippogriff
     8 | D        | Reached skill level 5 in Dodging
     8 | D        | Reached XP level 2. HP: 21/34 MP: 2/2
     8 | D        | Reached XP level 3. HP: 23/39 MP: 3/3
     8 | D        | Reached XP level 4. HP: 28/47 MP: 4/4
    15 | D        | Killed a hippogriff
    15 | D        | Reached ** piety under Trog
    15 | D        | Reached XP level 5. HP: 10/56 MP: 5/5
    44 | D        | Reached XP level 6. HP: 39/62 MP: 6/6
    64 | D        | Reached *** piety under Trog
   296 | D        | Noticed a boulder beetle
   296 | D        | Noticed a boulder beetle
   302 | D        | Noticed a siren
   316 | D        | Killed a siren
   316 | D        | Reached skill level 10 in Fighting
   316 | D        | Your scales start taking on a dull iron-grey colour.
   316 | D        | Reached XP level 7. HP: 70/73 MP: 7/7
   316 | D        | Gained mutation: You can survive without breathing. [Grey Draconian growth]
   333 | D        | Found Perisusch's Jewellery Emporium.
   333 | D        | Found Qunk's Antique Armour Emporium.
   333 | D        | Found Egroifet's Distillery.
   333 | D        | Found Fileusaamp's Book Shoppe.
   333 | D        | Found Xyubb's Distillery.
   333 | D        | Found Vistraesu's Gadget Emporium.
   333 | D        | Found Nipsueka's Armour Emporium.
   333 | D        | Found Deimeuze's Antique Weapon Shoppe.
   334 | D        | Found Dedistrienk's Jewellery Emporium.
   334 | D        | Found Fotiss's General Store.
   334 | D        | Found Ynlery's Antique Armour Shoppe.
   335 | D        | Found Uxengil's Antique Armour Emporium.
   335 | D        | Noticed a polar bear
   336 | D        | Found Coet Doj's Jewellery Shoppe.
   336 | D        | Found Bocal's Magic Scroll Emporium.
   336 | D        | Noticed Menkaure
   336 | D        | Noticed a polar bear
   336 | D        | Noticed an oklob plant
   337 | D        | Found Nupseuk's Food Shoppe.
   337 | D        | Found Waasef's Book Shoppe.
   339 | D        | Noticed an iron elemental
   343 | D        | Noticed a hippogriff
   343 | D        | Noticed a hippogriff
   344 | D        | Bought a potion of heal wounds for 70 gold pieces
   348 | D        | Bought a potion of heal wounds for 55 gold pieces
   348 | D        | Bought a potion of heal wounds for 55 gold pieces
   348 | D        | Bought a potion of mutation for 27 gold pieces
   352 | D        | Bought a runed flail for 73 gold pieces
   357 | D        | Killed Menkaure
   357 | D        | Reached skill level 10 in Long Blades
   381 | D        | Noticed an orange crystal statue
   402 | D        | Found a burning altar of Makhleb.
   402 | D        | Found an opulent altar of Gozag.
   403 | D        | Found a deep blue altar of Sif Muna.
   403 | D        | Found a shadowy altar of Dithmenos.
   403 | D        | Found a bloodstained altar of Trog.
   404 | D        | Found a shimmering altar of Xom.
   404 | D        | Found a basalt altar of Yredelemnul.
   404 | D        | Found a viscous altar of Jiyva.
   405 | D        | Found a corrupted altar of Lugonu.
   405 | D        | Found a glowing golden altar of the Shining One.
   405 | D        | Found an oddly glowing altar of Pakellas.
   405 | D        | Found a sacrificial altar of Ru.
   406 | D        | Found a white marble altar of Elyvilon.
   406 | D        | Found an iron altar of Okawaru.
   406 | D        | Found a roughly hewn altar of Beogh.
   406 | D        | Found a sparkling altar of Nemelex Xobeh.
   406 | D        | Noticed a polar bear
   407 | D        | Noticed a polar bear
   408 | D        | Noticed a yaktaur
   411 | D        | Noticed a polar bear
   411 | D        | Killed a polar bear
   411 | D        | Reached **** piety under Trog
   411 | D        | Reached XP level 8. HP: 82/82 MP: 8/8
   415 | D        | Received a gift from Trog
   417 | D        | Found a snail-covered altar of Cheibriados.
   417 | D        | Found a radiant altar of Vehumet.
   422 | D        | Killed a polar bear
   422 | D        | Reached skill level 1 in Maces & Flails
   422 | D        | Reached skill level 10 in Dodging
   422 | D        | Reached skill level 1 in Stealth
   426 | D        | Found a glowing silver altar of Zin.
   426 | D        | Found a blossoming altar of Fedhas.
   427 | D        | Gained mutation: You are clumsy. (Dex -2) [potion of mutation]
   427 | D        | Gained mutation: You are dopey. (Int -2) [potion of mutation]
   427 | D        | Gained mutation: You are robust (+10% HP). [potion of mutation]
   429 | D        | HP: 3/91 [yaktaur (10)]
   429 | D        | Mangled by a polar bear

Skill      XL: |  1  2  3  4  5  6  7  8 |
---------------+-------------------------+-----
Fighting       | 7 8 10 11 | 11.6
Long Blades    | 6 7 9 10 11 | 11.0
Dodging        | 5 7 9 10 | 10.3
Maces & Flails | 1 |  1.1
Stealth        | 1 |  1.0

Action                   |  1- 3 |  4- 6 |  7- 9 || total
-------------------------+-------+-------+-------++-------
Melee: Falchion          |     6 |    42 |       ||    48
       Tailslap          |     1 |     7 |     6 ||    14
       Flail             |       |       |    18 ||    18
Invok: Berserk           |     1 |       |     1 ||     2
  Use: Potion            |       |     2 |     4 ||     6
  Eat: Bread ration      |       |     1 |       ||     1
Armor: Skin              |     1 |     6 |    27 ||    34
Dodge: Dodged            |     4 |    22 |    51 ||    77
